 Dungeon Crawl Stone Soup version 0.30-a0-748-ge6a52f7cba (webtiles) character file.

Game seed: 5601652057275715829

19 Esekla the Sneak (level 2, -5/21 HPs)
             Began as an Octopode Delver on Feb 9, 2023.
             Was an Initiate of Gozag.
             Slain by a gnoll bouda
             ... wielding a +0 whip
              (7 damage)
             ... on level 4 of the Dungeon.
             The game lasted 00:03:19 (415 turns).

Esekla the Sneak (Octopode Delver)                   Turns: 415, Time: 00:03:20

Health: -5/21      AC:  1    Str: 11    XL:     2   Next: 75%
Magic:  2/2        EV: 13    Int: 12    God:    Gozag
Gold:   33         SH:  0    Dex: 13    Spells: 2/2 levels left

rFire   . . .      SeeInvis .    a - +0 falchion
rCold   . . .      Faith    .    (no shield)
rNeg    . . .      Spirit   .    (helmet restricted)
rPois   .          Reflect  .    (no amulet)
rElec   .          Harm     .    (no ring)
rCorr   .          Rampage  .    (no ring)
Will    .....                    (no ring)
Stlth   ++++                     (no ring)
HPRegen 0.23/turn                (no ring)
MPRegen 0.08/turn                (no ring)
                                 (no ring)
                                 (no ring)

@: weakened
A: almost no armour, amphibious, 8 rings, camouflage 1, gelatinous body 1,
(nimble swimmer 1), tentacles
a: Renounce Religion, Potion Petition, Call Merchant, Bribe Branch


You were on level 4 of the Dungeon.
You worshipped Gozag.
Gozag was noncommittal.
You visited 2 branches of the dungeon, and saw 3 of its levels.

You collected 50 gold pieces.
You paid 17 gold pieces to Gozag.

Inventory:

Hand Weapons
 a - a +0 falchion (weapon)
Wands
 f - a wand of digging (3)
Scrolls
 b - a scroll of fog
 c - a scroll of magic mapping
Potions
 e - a potion of haste


   Skills:
 * Level 3.1 Fighting
 * Level 2.1 Long Blades
 * Level 2.1 Dodging
 + Level 7.0 Stealth
 * Level 0.5 Spellcasting


You had 2 spell levels left.
You didn't know any spells.
Your spell library contained the following spells:

 Spells                   Type           Power      Damage    Failure   Level
 Shock                    Conj/Air       0%         1d3       32%         1
 Swiftness                Air            0%         N/A       67%         3
 Airstrike                Air            0%         2d(0-16)  97%         4


Dungeon Overview and Level Annotations

Branches:
Dungeon (5/15)             Temple (1/1) D:5

Altars:
Cheibriados
Dithmenos
Elyvilon
Fedhas
Gozag
Kikubaaqudgha
Makhleb
Nemelex Xobeh
Okawaru
Ru
Sif Muna
Trog
Uskayaw
Vehumet
Wu Jian
Zin
The Shining One

Annotations:
Temple 2 transporters


Innate Abilities, Weirdness & Mutations

You cannot wear most types of armour.
You are amphibious.
You can wear up to eight rings at the same time.
Your skin changes colour to match your surroundings (Stealth+).
Your rubbery body absorbs attacks. (AC +1, EV +1)
((You are camouflaged when in or above water. (Stealth+)))
You have tentacles for arms and can constrict up to eight enemies at once.


Message History

Found a war axe.
You feel sick.
A gnoll bouda comes into view. It is wielding a +0 whip.
You feel sick.
You feel sick.
You are no longer poisoned.
A gnoll comes into view. It is wielding a +0 flail.
The gnoll bouda barks out a call to the hunt!
The gnoll picks up the pace!
Found 12 gold pieces and a scroll labelled LESYR UCSUZAYD.
The kobold shouts!
The goblin shouts!
The adder hisses angrily.
Cornered, the adder turns to fight!
You miss the adder. Your grab misses the adder. Your squeeze misses the adder.
The adder bites you.
The gnoll bouda gazes fiercely through you!
You feel your attacks grow feeble.
You hit the adder but do no damage. Your grab misses the adder.
The adder barely misses you. x2
You hit the adder. Your grab misses the adder. Your squeeze misses the adder.
The adder is moderately wounded.
The adder closely misses you.
The gnoll bouda barks out a call to the hunt!
The gnoll picks up the pace!
You hear a shout!
You hit the gnoll bouda. Your grab misses the gnoll bouda.
The gnoll bouda is lightly wounded.
You hear a shout!
The adder barely misses you.
The gnoll bouda hits you with a +0 whip.
* * * LOW HITPOINT WARNING * * *
The gnoll misses you. The adder barely misses you.
You hear a shout!
Okay, then.
Okay, then.
As you read the scroll labelled KATEHELILY, it crumbles to dust.
It is a scroll of amnesia.
You feel forgetful for a moment. The adder closely misses you.
The gnoll bouda hits you with a +0 whip!
You die...
Your body crumbles into a pile of gold.

########
########......#
#...gg@S.####.#
#.######## ##.#####
#.##gK# ##......#
#.##..# #.#.....####
##.###+###.............
#..........#.#[.....#
#.##.###### #|.>....#
#. #.#########.#.##.#
#. #.....Sg###.#.#


You could see a gnoll bouda, a gnoll (swift), an adder, a goblin and a kobold.

Vanquished Creatures
  2 adders (D:5)
  A giant cockroach (D:4)
3 creatures vanquished.

Notes
Turn   | Place    | Note
-------+----------+-------------------------------------------
     0 | D:5      | Esekla the Octopode Delver began the quest for the Orb.
     0 | D:5      | Reached XP level 1. HP: 16/16 MP: 1/1
     9 | D:5      | Found a staircase to the Ecumenical Temple.
    18 | Temple   | Entered the Ecumenical Temple
    18 | Temple   | Found a transporter.
    18 | Temple   | Found a transporter.
    20 | Temple   | Found a transporter.
    20 | Temple   | Found a transporter.
    67 | D:5      | Reached XP level 2. HP: 21/21 MP: 2/2
    79 | D:5      | Noticed an ogre
   108 | D:5      | Noticed a scorpion
   132 | D:5      | Reached skill level 7 in Stealth
   227 | Temple   | Became a worshipper of Gozag Ym Sagoz the Greedy
   415 | D:4      | Slain by a gnoll bouda

Illustrated notes

Levels and vault maps discovered:
D:4:      layout_loops_ring, gammafunk_ghost_abyssal_escape,
          corexii_checkpoint_a, corexii_checkpoint_a, minmay_vboxes
D:5:      layout_basic, regret_index_temple_of_mockery,
          minmay_temple_entry_slanted, nicolae_nh_oracle_at_delphi,
          uniq_blork_the_orc
Temple:   hellmonk_temple_divided_pantheon

Skill      XL: |  1  2 |
---------------+-------+-----
Stealth        | 7 |  7.0
Fighting       | |  3.1
Long Blades    | |  2.1
Dodging        | |  2.1
Spellcasting   | |  0.5

Action                     || total
---------------------------++-------
  Melee: Falchion          ||    19
         Constrict         ||     3
         Tentacles         ||     2
    Use: Scroll            ||     2
  Dodge: Dodged            ||    21

Table legend: (Time is in decaauts)
 A = Elapsed time spent in this place.
 B = Non-inter-level travel time spent in this place.
 C = Inter-level travel time spent in this place.
 D = Time resting spent in this place.
 E = Time spent auto-exploring this place.
 F = Levels seen in this place.
 G = Mean time per level.
                   A        B        C        D        E       F      G
               +--------+--------+--------+--------+--------+-----+--------+
         Total |    419 |    419 |      0 |     63 |      0 |   3 |  139.7 |
       Dungeon |    362 |    362 |      0 |     63 |      0 |   2 |  181.0 |
        Temple |     57 |     57 |      0 |      0 |      0 |   1 |   57.0 |
               +--------+--------+--------+--------+--------+-----+--------+

Top non-repeatable levels by time:
     D:5: 316 daAuts
  Temple: 57 daAuts
     D:4: 46 daAuts
